 Dungeon Crawl Stone Soup version 0.30-a0-1018-g25214051b3 (webtiles) character file.

Game seed: 5698387887475804578

1992 pokeman the Thaumaturge (level 9, -2/48 HPs)
             Began as a Deep Elf Hedge Wizard on Apr 7, 2023.
             Killed from afar by Edmund (11 damage)
             ... with a puff of flame
             ... on level 6 of the Dungeon.
             The game lasted 00:11:12 (5184 turns).

pokeman the Thaumaturge (Deep Elf Hedge Wizard)     Turns: 5184, Time: 00:11:13

Health: -2/48      AC:  2    Str:  7    XL:     9   Next: 1%
Magic:  23/25      EV: 13    Int: 26    God:
Gold:   360        SH:  0    Dex: 16    Spells: 21/29 levels left

rFire   . . .      SeeInvis .    n - +11 long sword of the Blind Eye {elec, Int+2 Dex+2 Stlth+}
rCold   . . .      Faith    .    (no shield)
rNeg    . . .      Spirit   .    b - +0 robe
rPois   .          Reflect  .    c - +0 hat
rElec   .          Rampage  .    (no cloak)
rCorr   .                        (no gloves)
Will    .....                    (no boots)
Stlth   +++                      i - amulet of magic regeneration
HPRegen 0.28/turn                (no ring)
MPRegen 0.59/turn                (no ring)

@: no status effects
A: no striking features
a: no special abilities


You were on level 6 of the Dungeon.
You visited 1 branch of the dungeon, and saw 6 of its levels.

You collected 360 gold pieces.

Inventory:

Hand Weapons
 n - the +11 long sword of the Blind Eye (weapon) {elec, Int+2 Dex+2 Stlth+}
   (You found it on level 2 of the Dungeon)

   Int:       It affects your intelligence (+2).
   Dex:       It affects your dexterity (+2).
   Stlth:     It makes you more stealthy.
Armour
 b - a +0 robe (worn)
 c - a +0 hat (worn)
Jewellery
 g - an amulet of regeneration
 i - an amulet of magic regeneration (around neck)
Wands
 r - a wand of flame (17)
 t - a wand of roots (3)
 x - a wand of charming (15)
Scrolls
 a - 2 scrolls of amnesia {unknown}
 f - 3 scrolls of identify {unknown}
 h - 3 scrolls of acquirement {unknown}
 j - 8 scrolls of teleportation {unknown}
 k - 5 scrolls of noise {unknown}
 m - a scroll of fog {unknown}
 o - a scroll of vulnerability {unknown}
 p - a scroll of enchant weapon {unknown}
 s - a scroll of fear {unknown}
 u - a scroll of blinking {unknown}
 v - a scroll of immolation {unknown}
 w - a scroll of silence {unknown}
 y - a scroll of enchant armour {unknown}
Potions
 d - 5 potions of magic
 e - 3 potions of curing {unknown}
 l - 2 potions of lignification {unknown}
 q - a potion of resistance {unknown}


   Skills:
 + Level 2.2 Fighting
 - Level 3.0 Armour
 - Level 3.1 Dodging
 - Level 3.1 Stealth
 * Level 10.7 Spellcasting
 + Level 5.7 Conjurations
 + Level 4.8 Summonings
 - Level 1.1 Translocations
 - Level 1.0 Air Magic
 - Level 1.0 Poison Magic
 - Level 1.0 Evocations


You had 21 spell levels left.
You knew the following spells:

 Your Spells              Type           Power      Damage    Failure   Level
a - Magic Dart            Conj           100%       1d8       1%          1
b - Mephitic Cloud        Conj/Pois/Air  27%        N/A       4%          3
c - Call Imp              Summ           78%        N/A       1%          2
d - Blink                 Tloc           38%        N/A       4%          2

Your spell library contained the following spells:

 Spells                   Type           Power      Damage    Failure   Level
 Slow                     Hex            52%        N/A       4%          1
 Cigotuvi's Dreadful Rot  Necr/Pois/Air  34%        N/A       4%          2
 Vhi's Electric Charge    Tloc/Air       38%        N/A       9%          3
 Arcjolt                  Conj/Air       15%        1d25      30%         5
 Maxwell's Capacitive Co  Air            9%         ∞         100%        8


Dungeon Overview and Level Annotations

Branches:
Dungeon (6/15)
 Temple: D:4-7

Altars:

Shops:
D:1 (:??

Annotations:
D:6 Edmund


Message History

You kill the white imp!
Edmund zaps a wand.
The puff of flame hits you!
Unknown command.
A steam dragon comes into view.
The steam dragon hisses angrily.
Edmund zaps a wand.
The puff of flame hits your cerulean imp!
Your cerulean imp dies!
Your cerulean imp disappears in a puff of smoke!
The steam dragon breathes steam at you. The ball of steam hits you!!
* * * LOW HITPOINT WARNING * * *
Casting: Magic Dart (safe; 1% risk of failure)
Confirm with . or Enter, or press ? or * to list all spells.
Aiming: Mephitic Cloud (dangerous; 4% risk of failure)
Press: ? - help, Shift-Dir - straight line The ball explodes into a vile cloud!
The stinking cloud engulfs the steam dragon but does no damage.
You hear an angry hiss.
Unknown command.
The steam dragon is engulfed in noxious fumes.
The steam dragon appears confused.
Casting: Mephitic Cloud (dangerous; 4% risk of failure)
Confirm with . or Enter, or press ? or * to list all spells.
Aiming: Mephitic Cloud (dangerous; 4% risk of failure)
Press: ? - help, Shift-Dir - straight line, f - orc
Aim: an orc, wielding a +0 club and wearing a +0 ring mail (chance to affect: 96%)
The ball explodes into a vile cloud!
The stinking cloud engulfs the orc but does no damage.
The steam dragon is engulfed in noxious fumes.
The steam dragon appears confused.
The orc is engulfed in noxious fumes.
The orc appears confused.
Unknown command.
The orc is engulfed in noxious fumes.
The orc appears confused.
You hit the orc but do no damage.
The orc is engulfed in noxious fumes.
The orc appears confused.
The orc gestures wildly.
The orc misses you.
The orc hits itself with a +0 club.
Edmund zaps a wand.
The puff of flame hits you!
You die...

## .. .# #######
###########.#
#.....####..5@o.5..#.#
#.# #.##...#######.#.#
#######.###....#.# #.#.#
.........##.##.o○#
#####.##
.#######....###°@#
#....## .# #>.###.#..#
#.###.# .# #..#
#...###.####.#. .# #..#
##..@#....§§.@.. .# #...
#.........@...... .#
#..###..........######.(
.#######... #..D......##
. ...........
##........# ###..###...
#.###.#.##


You could see Edmund, a steam dragon (confused) and an orc (confused).

Vanquished Creatures
  Grinder (D:6)
  Prince Ribbit (D:6)
  Sigmund (D:5)
  A water moccasin (D:5)
  A black bear (D:6)
  An ice beast (D:5)
  A sky beast (D:6)
  2 ogres
  A centaur (D:4)
  A phantom (D:5)
  5 scorpions
  3 hounds
  A jelly (D:6)
  An orc priest (D:5)
  A sleepcap (D:5)
  6 iguanas
  7 adders
  A white imp (D:6)
  2 ufetubi
  2 dart slugs
  5 orcs
  5 ball pythons
  9 endoplasms
  2 giant cockroaches (D:2)
  7 hobgoblins
  2 jackals (D:2)
  6 quokkas
  4 bats
  6 frilled lizards
  6 goblins
  5 kobolds
  5 rats
102 creatures vanquished.

Vanquished Creatures (others)
  18 plants (D:6)
18 creatures vanquished.

Grand Total: 120 creatures vanquished

Notes
Turn   | Place    | Note
-------+----------+-------------------------------------------
     0 | D:1      | pokeman the Deep Elf Hedge Wizard began the quest for the
                  | Orb.
     0 | D:1      | Reached XP level 1. HP: 10/10 MP: 7/7
   305 | D:1      | Reached XP level 2. HP: 15/15 MP: 4/9
   776 | D:1      | Reached skill level 5 in Spellcasting
   799 | D:1      | Found Deiddonk's Weapon Shop.
   818 | D:1      | Found Usumna's Magic Scroll Shop.
   846 | D:1      | Found Regin's Magic Scroll Shoppe.
   983 | D:1      | Found Qaodel's Book Shoppe.
  1095 | D:1      | Found a faded altar of an unknown god.
  1390 | D:2      | Identified the +11 long sword of the Blind Eye {elec, Int+2
                  | Dex+2 Stlth+}
  1401 | D:2      | Reached XP level 3. HP: 20/20 MP: 9/11
  1405 | D:2      | Learned a level 3 spell: Mephitic Cloud
  1408 | D:2      | Learned a level 2 spell: Call Imp
  1411 | D:2      | Learned a level 2 spell: Blink
  1675 | D:2      | You fall into a shaft and drop 2 floors!
  1684 | D:4      | Reached skill level 1 in Fighting
  1696 | D:4      | Reached skill level 1 in Armour
  2003 | D:3      | Reached XP level 4. HP: 25/25 MP: 10/13
  2916 | D:3      | Noticed a scorpion
  2918 | D:3      | Killed a scorpion
  2919 | D:3      | Reached skill level 6 in Spellcasting
  2919 | D:3      | Reached XP level 5. HP: 29/29 MP: 11/15
  3086 | D:4      | Noticed a centaur
  3095 | D:4      | Killed a centaur
  3096 | D:4      | Reached skill level 1 in Air Magic
  3096 | D:4      | Reached skill level 1 in Poison Magic
  3096 | D:4      | Reached skill level 1 in Evocations
  3096 | D:4      | Reached XP level 6. HP: 23/34 MP: 15/17
  3230 | D:4      | Reached skill level 7 in Spellcasting
  3660 | D:5      | Entered Level 5 of the Dungeon
  3746 | D:5      | Noticed a water moccasin
  3750 | D:5      | Killed a water moccasin
  3751 | D:5      | Reached XP level 7. HP: 29/39 MP: 20/20
  3848 | D:5      | Reached skill level 8 in Spellcasting
  3914 | D:5      | Noticed Sigmund
  3920 | D:5      | Killed Sigmund
  4156 | D:5      | Reached skill level 9 in Spellcasting
  4156 | D:5      | Reached XP level 8. HP: 32/44 MP: 18/23
  4620 | D:6      | Noticed Edmund
  4775 | D:6      | Reached skill level 5 in Conjurations
  4934 | D:6      | Noticed Prince Ribbit
  4935 | D:6      | Reached skill level 10 in Spellcasting
  4937 | D:6      | Killed Prince Ribbit
  5058 | D:6      | Noticed Grinder
  5069 | D:6      | Killed Grinder
  5070 | D:6      | Reached XP level 9. HP: 21/48 MP: 25/25
  5184 | D:6      | Killed from afar by Edmund

Illustrated notes

Levels and vault maps discovered:
D:1:      ncdulo_lavacross, layout_loops_corners, serial_shops, shop, shop,
          shop_scrolls, nicolae_shop_waterfront, shapermc_ecumenical_altar_venn,
          wad_floor_pattern_1
D:2:      layout_basic, minmay_box_of_dots
D:3:      layout_basic
D:4:      layout_gridville, grunt_decor_cap, st_stairs_2
D:5:      layout_loops_ring, uniq_sigmund
D:6:      layout_loops_ring, mainiacjoe_overflow_chevrons,
          kennysheep_cluttered_room, minmay_between, uniq_prince_ribbit1,
          uniq_grinder, uniq_edmund

Skill      XL: |  1  2  3  4  5  6  7  8 |
---------------+-------------------------+-----
Spellcasting   | 5 6 7 9 10 | 10.7
Fighting       | 1 2 |  2.2
Conjurations   | 2 3 4 5 |  5.7
Armour         | 1 3 |  3.0
Dodging        | 3 |  3.1
Stealth        | 3 |  3.1
Air Magic      | 1 |  1.0
Poison Magic   | 1 |  1.0
Evocations     | 1 |  1.0
Summonings     | 2 3 4 |  4.8
Translocations | |  1.1

Action                     |  1- 3 |  4- 6 |  7- 9 || total
---------------------------+-------+-------+-------++-------
  Melee: Dagger            |     2 |       |       ||     2
         Trident           |     2 |       |       ||     2
         Long sword        |       |    20 |    35 ||    55
   Cast: Magic Dart        |   111 |    48 |    64 ||   223
         Mephitic Cloud    |       |     5 |    15 ||    20
         Call Imp          |       |     1 |     4 ||     5
         Blink             |       |       |     1 ||     1
   Stab: Sleeping          |     1 |     1 |       ||     2
         Confused          |       |       |     4 ||     4
         Distracted        |       |       |     1 ||     1
 Armour: Robe              |     6 |     4 |     2 ||    12
  Dodge: Dodged            |    13 |    15 |    32 ||    60

Table legend: (Time is in decaauts)
 A = Elapsed time spent in this place.
 B = Non-inter-level travel time spent in this place.
 C = Inter-level travel time spent in this place.
 D = Time resting spent in this place.
 E = Time spent auto-exploring this place.
 F = Levels seen in this place.
 G = Mean time per level.
                   A        B        C        D        E       F      G
               +--------+--------+--------+--------+--------+-----+--------+
         Total |   5205 |   5102 |    103 |      4 |   4417 |   6 |  867.5 |
       Dungeon |   5205 |   5102 |    103 |      4 |   4417 |   6 |  867.5 |
               +--------+--------+--------+--------+--------+-----+--------+

Top non-repeatable levels by time:
     D:1: 1323 daAuts
     D:5: 1037 daAuts
     D:3: 865 daAuts
     D:4: 800 daAuts
     D:2: 674 daAuts
     D:6: 503 daAuts
